 Dungeon Crawl Stone Soup version 0.14-a0-2950-gbe29d66 (webtiles) character file.

243 Kae the Cudgeler (level 5, -11/45 HPs)
             Began as a Naga Gladiator on Mar 4, 2014.
             Killed by divine providence
             ... invoked by an orc priest
              (12 damage)
             ... on Level 4 of the Dungeon.
             The game lasted 00:04:45 (3455 turns).

Kae the Cudgeler (Naga Gladiator)                   Turns: 3455, Time: 00:04:45

HP -11/45        AC  5     Str 18      XL: 5   Next: 30%
MP   4/4         EV 10     Int  8      God:
Gold 95          SH  0     Dex 11 (12) Spells:  0 memorised,  4 levels left

rFire  . . .     SeeInvis +     e - +1,+2 whip (drain)
rCold  . . .     Rnd*Rage +     l - +0 leather armour
rNeg   . . .     Conserve .     (no shield)
rPois  +         rCorr    .     c - +0 helmet
rElec  .         rRot     .     h - +0 cloak
SustAb . .       Spirit   .     (no gloves)
rMut   .         Warding  .     (no barding)
Saprov . . .     Stasis   .     (no amulet)
MR     .....                    (no ring)
                                (no ring)

@: very slow, not resistant to hostile enchantments, very unstealthy
A: spit poison, see invisible, berserk 1, deformed body, fast metabolism 1, low
mp 1, poison resistance, slowness 2, AC +1
a: Spit Poison


You were on level 4 of the Dungeon.
You were hungry.

You visited 1 branch of the dungeon, and saw 4 of its levels.

You collected 95 gold pieces.

Inventory:

Hand weapons
 a - a +0,+0 mace
 e - a +1,+2 whip of draining (weapon)
Missiles
 d - 3 throwing nets (quivered)
Armour
 c - a +0 helmet (worn)
 h - a +0 cloak (worn)
 l - a +0 leather armour (worn)
Comestibles
 f - a bread ration
 g - 2 meat rations
 k - a snozzcumber
 o - a pear
Scrolls
 m - a scroll of identify
 n - a scroll of magic mapping
Jewellery
 i - an uncursed ring of sustenance {unknown}
 j - an uncursed ring of fire {unknown}


   Skills:
 - Level 2.0 Fighting
 + Level 5.8 Maces & Flails
 - Level 1.7 Throwing
 - Level 2.4 Dodging


You had 4 spell levels left.
You didn't know any spells.

Dungeon Overview and Level Annotations

Branches:
Dungeon (4/16)
 Temple: D:4-7

Altars:
Fedhas

Annotations:
D:3 Sigmund


Innate Abilities, Weirdness & Mutations

You cannot wear boots.
You can spit poison.
Your serpentine skin is tough (AC +1).
You have supernaturally acute eyesight.
Armour fits poorly on your strangely shaped body.
Your system is resistant to poisons.
You cover ground very slowly.
You tend to lose your temper in combat.
You have a fast metabolism.
Your magical capacity is low (-10% MP).


Message History

You barely miss the orc priest.
The orc priest is lightly wounded.
The orc priest hits you with a mace.
* * * LOW HITPOINT WARNING * * *
You hit the orc priest. You drain the orc priest!
The orc priest is severely wounded.
The orc hits you but does no damage. The orc priest closely misses you.
You completely miss the orc priest.
The orc priest is severely wounded.
The orc hits you with a club.
* * * LOW HITPOINT WARNING * * *
You barely miss the orc priest.
The orc priest is severely wounded.
The orc priest closely misses you.
You closely miss the orc priest.
The orc priest is severely wounded.
The orc barely misses you.
The orc priest mumbles some strange prayers to Beogh against you.
Something smites you!
You die...

#.#.. ###.#.######
..#<#.#....# #
#.#...#.##.#
#.#.#.###.##.#
#.#.#.....##.#
######.#.####..##.#
#........>####..##.#
..........%o@.#..##.#
.?.....###.##o#..##.#
......#.#......#..##.#
.. #..#.#.#..#..##.#
#.#......#..#####.###
#.#...#.#.#..........#
#....#.#.#.##########
#......#.#.#
#.......#.#.#


You could see an orc priest and an orc.

Vanquished Creatures
  An orc priest (D:3)
  Ijyb (D:3)
  4 adders
  A worm (D:3)
  An ooze (D:3)
  6 orcs
  2 ball pythons
  3 bats (D:3)
  6 goblins
  6 hobgoblins
  4 jackals (D:1)
  7 kobolds
  A quokka (D:3)
  6 giant cockroaches
  3 giant geckos
  5 giant newts
  9 rats
66 creatures vanquished.

Notes
Turn   | Place    | Note
--------------------------------------------------------------
     0 | D:1      | Kae, the Naga Gladiator, began the quest for the Orb.
     0 | D:1      | Reached XP level 1. HP: 19/19 MP: 1/1
   281 | D:1      | Reached XP level 2. HP: 21/26 MP: 2/2
  1111 | D:1      | Reached skill level 4 in Maces & Flails
  1289 | D:1      | Reached XP level 3. HP: 32/32 MP: 3/3
  2201 | D:2      | Reached XP level 4. HP: 37/39 MP: 4/4
  2336 | D:3      | Noticed Sigmund
  2549 | D:3      | Noticed Ijyb
  2574 | D:3      | Killed Ijyb
  2574 | D:3      | Reached skill level 5 in Maces & Flails
  2655 | D:3      | Found a blossoming altar of Fedhas.
  3192 | D:3      | Reached XP level 5. HP: 39/45 MP: 5/5
  3441 | D:4      | Gained mutation: You have a fast metabolism. [potion of mutation]
  3441 | D:4      | Gained mutation: Your magical capacity is low (-10% MP). [potion of mutation]
  3441 | D:4      | Gained mutation: You tend to lose your temper in combat. [potion of mutation]
  3451 | D:4      | HP: 2/45 [orc priest/mace (5)]
  3455 | D:4      | Killed from afar by an orc priest

Action                   |  1- 3 |  4- 6 || total
-------------------------+-------+-------++-------
Melee: Mace              |   129 |    49 ||   178
       Whip              |       |    58 ||    58
  Use: Scroll            |       |     3 ||     3
       Potion            |       |     4 ||     4
